 Dungeon Crawl Stone Soup version 0.32-a0-86-g8db1b9f803 (webtiles) character file.

Game seed: 11661816184214496622

106962 bjtr the Slicer (level 16, -3/72 HPs)
             Began as a Vine Stalker Enchanter on Feb 5, 2024.
             Was the Champion of Hepliaklqana.
             Slain by a dire elephant (10 damage)
             ... on level 5 of the Lair of Beasts on Feb 6, 2024.
             The game lasted 02:11:31 (23783 turns).

bjtr the Slicer (Vine Stalker Enchanter)           Turns: 23783, Time: 02:11:31

Health: -3/72      AC: 27    Str: 18    XL:     16   Next: 45%
Magic:  0/31       EV: 13    Int: 23    God:    Hepliaklqana [******]
Gold:   2150       SH: 13    Dex: 16    Spells: 2/35 levels left

rFire   + . .        a - +2 dagger (venom)
rCold   + + +        p - +2 kite shield {rC+}
rNeg    . . .        e - +2 ice dragon scales "Pehoetru" {rF- rC++ Regen+ Str+3}
rPois   +            K - +1 helmet
rElec   .            S - +2 cloak {rPois}
rCorr   .            T - +2 pair of gloves {Str+3}
SInv    .            y - +1 pair of boots
Will    ++...        L - amulet "Buoticramo" {Acrobat rF+ Int+2 Dex-3}
Stlth   +++          J - ring "Ygea" {Fly Dex+3 Slay+4}
HPRegen 1.92/turn    E - ring "Conuumuo" {rF+ rC+}
MPRegen 0.22/turn

%: random rage (3%), acrobat, guardian spirit
@: about to teleport, flying, very slightly contaminated
A: reduced essence, fangs 3, regeneration 1, magic shield, antimagic bite, no
potion heal 2, berserk 1
a: Renounce Religion, Recall Ancestor, Ancestor Identity, Transference, Idealise


You were on level 5 of the Lair of Beasts.
You worshipped Hepliaklqana.
Hepliaklqana was exalted by your worship.
You visited 3 branches of the dungeon, and saw 21 of its levels.
You also visited: Sewer, Bailey and Ice Cave.

You collected 2256 gold pieces.
You spent 106 gold pieces at shops.

Inventory:

Hand Weapons
 a - a +2 dagger of venom (weapon)
 b - a +3 scimitar of flaming
 h - a +3 sling of draining
 F - a +0 eveningstar of freezing
 Z - the +2 long sword of Uskayaw's Generosity {drain, Fly rN+ Will+}
   (You found it on level 3 of the Lair of Beasts)

   rN+:       It protects you from negative energy.
   Will+:     It increases your willpower.
   Fly:       It grants you flight.
Missiles
 j - 5 javelins
 w - 2 throwing nets
 N - 19 curare-tipped darts
Armour
 e - the +2 ice dragon scales "Pehoetru" (worn) {rF- rC++ Regen+ Str+3}
   (You found it in an ice cave)

   Str+3:     It affects your strength (+3).
   rF-:       It makes you vulnerable to fire.
   rC++:      It greatly protects you from cold.
   Regen+:    It increases your rate of health regeneration.
 f - a +2 buckler
 p - a +2 kite shield of cold resistance (worn)
 x - +0 steam dragon scales
 y - a +1 pair of boots (worn)
 K - a +1 helmet (worn)
 S - a +2 cloak of poison resistance (worn)
 T - a +2 pair of gloves of strength (worn)
Jewellery
 l - a +6 ring of strength
 v - the ring "Uremn" {^Drain rC+ Int+6}
   (You found it in an ice cave)

   [ring of protection from cold]

   Int+6:     It affects your intelligence (+6).
   rC+:       It protects you from cold.
   ^Drain:    It drains your maximum health when unequipped.
 E - the ring "Conuumuo" (right hand) {rF+ rC+}
   (You found it in an ice cave)

   [ring of protection from cold]

   rF+:       It protects you from fire.
   rC+:       It protects you from cold.
 J - the ring "Ygea" (left hand) {Fly Dex+3 Slay+4}
   (You found it on level 3 of the Lair of Beasts)

   [ring of slaying]

   Dex+3:     It affects your dexterity (+3).
   Slay+4:    It affects your accuracy & damage with ranged weapons and melee
   (+4).
   Fly:       It grants you flight.
 L - the amulet "Buoticramo" (around neck) {Acrobat rF+ Int+2 Dex-3}
   (You took it off an arcanist on level 14 of the Dungeon)

   [amulet of the acrobat]

   Acrobat:   It increases your evasion while moving and waiting.
   Int+2:     It affects your intelligence (+2).
   Dex-3:     It affects your dexterity (-3).
   rF+:       It protects you from fire.
 P - a +5 ring of evasion
 R - a +5 ring of evasion
 U - a +4 ring of protection
 X - a +6 ring of intelligence
Wands
 r - a wand of paralysis (9)
 u - a wand of roots (3)
 B - a wand of quicksilver (10)
 D - a wand of polymorph (15)
 M - a wand of digging (13)
 V - a wand of mindburst (9)
Scrolls
 d - a scroll of amnesia
 g - 2 scrolls of fear
 i - 5 scrolls of teleportation
 k - a scroll of vulnerability
 q - 4 scrolls of identify
 s - 2 scrolls of immolation
 C - 4 scrolls of revelation
 H - 2 scrolls of fog
 Y - 2 scrolls of torment
Potions
 c - 2 potions of invisibility
 m - a potion of ambrosia
 n - 4 potions of curing
 o - 2 potions of lignification
 t - 3 potions of resistance
 z - 2 potions of berserk rage
 A - a potion of enlightenment
 G - a potion of mutation
 I - 2 potions of brilliance
 Q - 5 potions of might
Miscellaneous
 O - a sack of spiders
 W - a condenser vane


   Skills:
 + Level 8.2 Fighting
 + Level 11.7 Short Blades
 * Level 11.1 Armour
 + Level 9.9 Dodging
 - Level 10.6 Stealth
 + Level 9.6 Shields
 * Level 10.1 Spellcasting
 * Level 8.2 Conjurations
 + Level 8.7 Hexes
 + Level 5.1 Alchemy


You had 2 spell levels left.
You knew the following spells:

 Your Spells              Type           Power      Damage    Failure   Level
a - Confusing Touch       Hex            51%        N/A       3%          3
b - Tukima's Dance        Hex            51%        N/A       3%          3
c - Blink                 Tloc           22%        N/A       47%         2
d - Olgreb's Toxic Radia  Alch           35%        N/A       38%         4
e - Ignite Poison         Fire/Alch      23%        N/A       77%         4
f - Cause Fear            Hex            25%        N/A       10%         4
g - Mephitic Cloud        Conj/Alch/Air  32%        N/A       17%         3
h - Irradiate             Conj/Alch      21%        3d18      52%         5
i - Fireball              Conj/Fire      15%        3d8       87%         5

Your spell library contained the following spells:

 Spells                   Type           Power      Damage    Failure   Level
 Magic Dart               Conj           100%       1d8       1%          1
 Jinxbite                 Hex            100%       N/A       1%          2
 Ensorcelled Hibernation  Hex/Ice        62%        N/A       9%          2
 Cigotuvi's Dreadful Rot  Necr/Alch/Air  38%        N/A       26%         2
 Apportation              Tloc           22%        N/A       34%         1
 Necrotise                Necr           44%        1d6       34%         1
 Sandblast                Erth           22%        2d7       34%         1
 Call Imp                 Summ           22%        N/A       47%         2
 Scorch                   Fire           22%        2d5       47%         2
 Dazzling Flash           Conj/Hex       100%       N/A       3%          3
 Stone Arrow              Conj/Erth      60%        3d10      19%         3
 Anguish                  Hex/Necr       15%        N/A       52%         4
 Brom's Barrelling Bould  Conj/Erth      30%        2d5       54%         4
 Flame Wave               Conj/Fire      30%        2d9       54%         4
 Passwall                 Erth           11%        N/A       71%         3
 Vampiric Draining        Necr           11%        2d6       71%         3
 Alistair's Intoxication  Alch           23%        N/A       75%         5
 Leda's Liquefaction      Alch/Erth      11%        N/A       77%         4
 Silence                  Hex/Air        15%        N/A       86%         5
 Freezing Cloud           Conj/Ice/Air   12%        6-21      97%         5
 Martyr's Knell           Necr/Summ      11%        N/A       98%         4
 Curse of Agony           Necr           11%        N/A       100%        5
 Lee's Rapid Deconstruct  Erth           5%         3d6*      100%        5
 Bombard                  Conj/Erth      15%        9d3       100%        6
 Starburst                Conj/Fire      15%        6d6       100%        6
 Summon Cactus Giant      Summ           5%         N/A       100%        6
 Enfeeble                 Hex            25%        N/A       100%        7
 Ozocubu's Refrigeration  Ice            5%         4d8       100%        7
 Discord                  Hex            25%        N/A       100%        8


Dungeon Overview and Level Annotations

Branches:
Dungeon (15/15)            Temple (1/1) D:4            Lair (5/5) D:10
 Shoals (0/4) Lair:2       Spider (0/4) Lair:2        Slime (0/5) Lair:5
    Orc (0/2) D:9          Vaults (0/5) D:13         Depths (0/4) D:15
  Sewer (visited)          Bailey (visited)           IceCv (visited)

Altars:
Ashenzari
Cheibriados
Dithmenos
Elyvilon
Fedhas
Gozag
Hepliaklqana
Kikubaaqudgha
Makhleb
Nemelex Xobeh
Okawaru
Qazlal
Ru
Sif Muna
Trog
Uskayaw
Vehumet
Wu Jian
Xom
Yredelemnul
Zin
The Shining One

Shops:
D:4 *

Annotations:
D:12 1 runed translucent door
D:14 3 runed translucent doors, Archoef's ghost, journeyman HOFi; Azoth's ghost, journeyman DsSh; Caupytet's ghost, weakling FoFi; Fenymij's ghost, adept KoBr
Lair:3 1 runed translucent door, Iluushri's ghost, journeyman DjCK
Lair:4 exclusion: 2 oklob plants


Innate Abilities, Weirdness & Mutations

Your life essence is reduced to manifest your ancestor. (-10% HP)
You have razor-sharp teeth.
Your natural rate of healing is unusually fast.
When hurt, damage is shared between your health and your magic reserves.
Your bite disrupts and absorbs the magic of your enemies.
Potions cannot restore your health.
You sometimes lose your temper in combat.


Message History

You feel sick.
The cane toad stings Shatamurrim.
The black mamba misses Shatamurrim.
The cane toad stings Shatamurrim.
Shatamurrim gestures at the cane toad while chanting.
The bolt of magma hits the cane toad!!
Unknown command.
You feel sick.
The black mamba bites Shatamurrim!
The black mamba bites Shatamurrim.
The cane toad stings Shatamurrim!
Shatamurrim is destroyed!
The black mamba hisses angrily.
You feel sick.
The dire elephant attacks as it pursues you!
You block the dire elephant's attack. The dire elephant misses you.
The rime drake breathes ice at you. The icy flash freeze misses you.
The manticore flicks its tail.
You block the volley of spikes.
You feel sick.
You feel sick.
The dire elephant attacks as it pursues you!
The dire elephant misses you. The dire elephant trunk-slaps you.
* * * LOW HITPOINT WARNING * * *
You feel sick.
The dire elephant attacks as it pursues you!
The dire elephant completely misses you.
The dire elephant trunk-slaps you.
* * * LOW HITPOINT WARNING * * *
Unknown command.
As you read the scroll of fear, it crumbles to dust.
You assume a fearsome visage.
The black mamba looks frightened!
The dire elephant resists with some effort.
The cane toad easily resists.
The manticore looks frightened!
You feel sick. You block the dire elephant's attack.
The dire elephant trunk-slaps you but does no damage.
Unknown command.
As you read the scroll of teleportation, it crumbles to dust.
You feel strangely unstable.
You feel sick.
You are no longer poisoned.
The dire elephant tramples you!
You die...
Hepliaklqana delivers you to your ancestors.

.....####.## ##.##...#...#
....#..#...# ###....#...#
...........# #####..†#...#
......P##..# ##...#.#.#..##
...######..##
##....#.†....# ..## ##.†.#
#.#.....#...## ..##
#....###............# ...#
#.....##P.....#....## ####
#.#.#.##.@###.#..###
##...##..Y....####
#P.###...#...# ## ##
##.###.FH#...# ..# .#####
#...###Sk##### ?..# .....#
#P..# #.....## $...# ††..##
##..# #......#.....# †..##
########.....k....#
....#####.##..###...#.#..##


You could see a dire elephant (very poisoned), a manticore (fleeing, poisoned),
a black mamba (fleeing), a cane toad and a rime drake (poisoned).

Vanquished Creatures
  Kirke (Lair:4)
  An azure jelly (IceCv)
  An ettin (D:14)
  Josephine (Lair:4)
  A yaktaur captain (D:14)
  An ice dragon (Lair:5)
  2 ogre magi (D:14)
  5 boulder beetles
  4 hydras
  Erica (D:11)
  A catoblepas (Lair:4)
  A two-headed ogre (D:10)
  A dancing weapon (D:13)
  A tengu warrior (D:15)
  5 death yaks (Lair:4)
  Sonja (Lair:3)
  Amaemon (Lair:3)
  2 skysharks
  An arcanist (D:14)
  A skeletal warrior (D:14)
  A deep troll (D:15)
  3 lindwurms
  A deep elf zephyrmancer (D:14)
  A necromancer (D:15)
  2 deep elf pyromancers
  An orc knight (D:15)
  2 cyclopes
  2 manticores
  9 ugly things
  7 elephants (Lair:5)
  A merfolk siren (Lair:2)
  Joseph (D:10)
  2 black mambas
  18 slime creatures
  6 cane toads
  A gargoyle (D:11)
  An orange demon (Lair:3)
  3 torpor snails (Lair:5)
  3 rime drakes
  8 komodo dragons
  Psyche (D:11)
  4 kobold demonologists
  A tengu conjurer (D:14)
  5 trolls
  3 merfolk (Lair:2)
  A wolf spider simulacrum (D:15)
  2 tyrant leeches (Lair:5)
  4 hornets (Lair:5)
  6 blink frogs
  A dream sheep (Lair:4)
  A snapping turtle (shapeshifter) (D:15)
  4 wraiths
  2 shadows
  28 yaks
  2 basilisks
  3 wyverns
  3 redbacks (Lair:2)
  3 hogs (Lair:4)
  Grum (D:11)
  8 vampire mosquitoes
  2 death yak simulacra (Lair:4)
  A steam dragon (Lair:2)
  6 wargs (D:10)
  10 water moccasins
  2 great orb of eyes simulacra (IceCv)
  A hell hound (D:10)
  9 orc warriors
  A sky beast (D:7)
  3 ice beasts (D:10)
  2 black bears
  3 laughing skulls
  3 ogres
  14 wolves
  7 centaurs
  3 slime creature simulacra (IceCv)
  A phantom (D:4)
  4 kobold brigands
  8 bullfrogs
  Blork the orc (D:4)
  A glowing shapeshifter simulacrum (IceCv)
  4 gnoll sergeants
  A cane toad simulacrum (Lair:4)
  8 scorpions
  12 wights
  2 killer bees (D:8)
  4 howler monkeys
  5 hounds
  9 orc priests
  4 gnoll boudas (D:10)
  2 jellies
  Crazy Yiuf (D:4)
  2 sleepcaps
  3 iguanas
  15 orc wizards
  2 shapeshifter simulacra (IceCv)
  8 adders
  8 gnolls
  3 river rats
  A shadow imp (D:5)
  2 ufetubi (D:3)
  3 ribbon worms
  2 dart slugs
  46 orcs
  3 bats
  9 endoplasms
  3 giant cockroaches
  8 hobgoblins
  6 jackals
  8 quokkas
  A ball python (D:4)
  5 frilled lizards
  7 goblins
  14 kobolds
  13 rats
495 creatures vanquished.

Vanquished Creatures (collateral kills)
  A quicksilver ooze (IceCv)
  An ettin (D:15)
  The ghost of Gangsterbeez the Cleaver, a journeyman MiBe of Trog (D:13)
  2 hydras
  An ogre mage (D:14)
  3 centaur warriors
  2 boulder beetles
  A dancing weapon (D:13)
  2 catoblepae
  A deep troll earth mage (D:14)
  A two-headed ogre (D:10)
  2 skysharks
  A phantasmal warrior (D:13)
  A necromancer (D:15)
  A deep elf pyromancer (D:10)
  5 lindwurms
  2 cyclopes
  An oklob plant (Lair:5)
  3 ugly things
  2 manticores
  3 elephants (Lair:5)
  4 torpor snails
  3 black mambas (Lair:5)
  6 cane toads
  An ice statue (IceCv)
  2 kobold demonologists (D:10)
  An unseen horror (D:11)
  A rime drake (Lair:5)
  6 komodo dragons
  A tengu conjurer (D:15)
  A tyrant leech (Lair:5)
  A polar bear (Lair:3)
  4 hornets (Lair:5)
  3 blink frogs (Lair:2)
  5 dream sheep (Lair:4)
  A shadow (D:10)
  12 yaks
  8 slime creatures (IceCv)
  4 basilisks
  4 wraiths
  A redback (Lair:2)
  2 wargs (D:10)
  3 wyverns
  A hog (Lair:4)
  A hog (shapeshifter) (D:10)
  A steam dragon (Lair:3)
  6 vampire mosquitoes
  4 great orb of eyes simulacra (IceCv)
  9 water moccasins
  2 ice beasts (D:10)
  6 orc warriors
  A sky beast (D:7)
  A black bear (Lair:4)
  An ogre (D:4)
  11 wolves
  A slime creature simulacrum (IceCv)
  13 centaurs
  6 bullfrogs
  10 gnoll sergeants
  A glowing shapeshifter simulacrum (IceCv)
  6 wights
  4 killer bees
  8 howler monkeys
  An electric eel (D:9)
  4 jellies
  7 orc priests
  3 gnoll boudas (D:10)
  An iguana (D:7)
  7 orc wizards
  2 shapeshifter simulacra (IceCv)
  3 gnolls
  An adder (D:5)
  24 orcs
  2 endoplasms (Lair:5)
  2 goblins (D:8)
  4 kobolds
265 creatures vanquished.

Vanquished Creatures (others)
  A dancing weapon (Sewer)
  21 battlemagi
  An ancestor (D:7)
23 creatures vanquished.

Grand Total: 783 creatures vanquished

Notes
Turn   | Place    | Note
-------+----------+-------------------------------------------
     0 | D:1      | bjtr the Vine Stalker Enchanter began the quest for the
                  | Orb.
     0 | D:1      | Reached XP level 1. HP: 9/9 MP: 4/4
     7 | D:1      | Found a faded altar of an unknown god.
    21 | D:1      | Reached skill level 1 in Short Blades
    59 | D:1      | Reached XP level 2. HP: 13/13 MP: 6/6
   786 | D:2      | You fall into a shaft and drop 1 floor!
   809 | D:3      | Reached XP level 3. HP: 16/16 MP: 7/7
   813 | D:3      | Learned a level 3 spell: Confusing Touch
   817 | D:3      | Learned a level 3 spell: Tukima's Dance
   867 | D:2      | Found an iron altar of Okawaru.
  1069 | D:2      | Reached XP level 4. HP: 20/21 MP: 5/8
  1402 | D:3      | Found a basalt altar of Yredelemnul.
  1417 | D:3      | Found a glowing golden altar of the Shining One.
  1419 | D:3      | Noticed an angel
  2070 | D:4      | Found Akusy's Assorted Antiques.
  2078 | D:4      | Reached XP level 5. HP: 24/24 MP: 9/9
  2142 | D:4      | Reached skill level 5 in Stealth
  2239 | D:4      | Found a glowing drain.
  2296 | Sewer    | Entered a sewer
  2402 | Sewer    | Noticed a kobold brigand
  2475 | Sewer    | Killed a kobold brigand
  2476 | Sewer    | Reached XP level 6. HP: 27/29 MP: 5/10
  2534 | Sewer    | Found a white marble altar of Elyvilon.
  2765 | D:4      | Noticed Blork the orc
  2769 | D:4      | Killed Blork the orc
  2770 | D:4      | Reached skill level 1 in Fighting
  3043 | D:4      | Bought a bubbling clear potion for 16 gold pieces
  3043 | D:4      | Bought a scroll labelled TYXKYU CAPI for 18 gold pieces
  3043 | D:4      | Bought a lead wand for 72 gold pieces
  3302 | D:4      | Reached XP level 7. HP: 33/33 MP: 12/12
  3322 | D:4      | Found a staircase to the Ecumenical Temple.
  3335 | Temple   | Found a transporter.
  3335 | Temple   | Found a transporter.
  3335 | Temple   | Found a transporter.
  3335 | Temple   | Found a transporter.
  3335 | Temple   | Entered the Ecumenical Temple
  3392 | Temple   | Became a worshipper of Hepliaklqana the Forgotten
  3926 | D:4      | Found a runed translucent door.
  3927 | D:4      | Noticed Crazy Yiuf
  3939 | D:4      | Killed Crazy Yiuf
  3977 | D:5      | Entered Level 5 of the Dungeon
  4055 | D:5      | Reached skill level 5 in Short Blades
  4055 | D:5      | Gained mutation: You have razor-sharp teeth. [Vine Stalker
                  | growth]
  4055 | D:5      | Reached XP level 8. HP: 34/39 MP: 7/13
  4740 | D:5      | Reached skill level 1 in Armour
  4850 | D:5      | Reached * piety under Hepliaklqana
  5151 | D:5      | Learned a level 2 spell: Blink
  5462 | D:6      | Noticed a wraith
  5494 | D:6      | Killed a wraith
  5495 | D:6      | Reached XP level 9. HP: 25/38 MP: 14/14
  5816 | D:7      | Identified the +3 robe of Love and Death {*Corrode rF-
                  | Will+++ Int+3}
  6278 | D:7      | Reached ** piety under Hepliaklqana
  6307 | D:7      | Remembered your ancestor Shatamurrim as a battlemage
  6321 | D:7      | Found a broken altar of Ashenzari.
  6451 | D:7      | Reached skill level 5 in Armour
  6689 | D:7      | Found a shadowy altar of Dithmenos.
  6692 | D:7      | Found an opulent altar of Gozag.
  6693 | D:7      | Found a bloodstained altar of Trog.
  6693 | D:7      | Found a shimmering altar of Xom.
  6693 | D:7      | Found a sacrificial altar of Ru.
  6693 | D:7      | Found a snail-covered altar of Cheibriados.
  6695 | D:7      | Found a hide-covered altar of Uskayaw.
  6696 | D:7      | Found an iron altar of Okawaru.
  6704 | D:7      | Found a burning altar of Makhleb.
  6785 | D:7      | Found a stormy altar of Qazlal.
  6917 | D:8      | Found a flagged portal.
  6935 | Bailey   | Entered a bailey
  6991 | Bailey   | Reached XP level 10. HP: 44/44 MP: 15/15
  7407 | D:8      | Reached skill level 5 in Dodging
  7692 | D:8      | Reached *** piety under Hepliaklqana
  8049 | D:9      | Reached skill level 1 in Shields
  8756 | D:9      | Found a staircase to the Orcish Mines.
  8774 | D:9      | Reached XP level 11. HP: 48/48 MP: 16/16
  8810 | D:10     | Entered Level 10 of the Dungeon
  8874 | D:10     | Found a staircase to the Lair.
  8898 | D:10     | Noticed a two-headed ogre
  8904 | D:10     | Killed a two-headed ogre
  8963 | D:10     | Reached **** piety under Hepliaklqana
  8992 | D:10     | Noticed a fire crab
  9000 | D:10     | Reached skill level 10 in Short Blades
  9001 | D:10     | a fire crab changed into a hog
  9009 | D:10     | Noticed Joseph
  9027 | D:10     | Killed Joseph
  9042 | D:10     | Noticed a sun demon
  9082 | D:10     | Noticed a cyclops
  9278 | D:10     | Killed a cyclops
  9410 | D:10     | Reached skill level 10 in Stealth
  9683 | D:10     | Identified the +0 chain mail "Panilish" {rF+ Str+2 Int-4
                  | Dex+3}
  9698 | D:10     | Noticed a two-headed ogre
  9702 | D:10     | Reached skill level 5 in Fighting
  9730 | D:10     | Killed a two-headed ogre
  9767 | D:10     | Noticed a deep elf pyromancer
  9892 | D:10     | Reached XP level 12. HP: 50/54 MP: 15/17
 10296 | D:10     | Paralysed by a chaos spawn for 1 turns
 10568 | D:11     | Noticed Grum
 10581 | D:11     | Killed Grum
 10665 | D:11     | Noticed a boulder beetle
 10667 | D:11     | Killed a boulder beetle
 10694 | D:11     | Noticed Erica
 10707 | D:11     | Killed Erica
 10791 | D:11     | Noticed Psyche
 10796 | D:11     | Killed Psyche
 10797 | D:11     | Reached skill level 5 in Shields
 10797 | D:11     | Reached skill level 1 in Conjurations
 11011 | D:11     | Noticed a centaur warrior
 11020 | D:11     | Killed a centaur warrior
 11028 | D:11     | Reached ***** piety under Hepliaklqana
 11465 | D:12     | Noticed a boulder beetle
 11484 | D:11     | Killed a boulder beetle
 11803 | D:12     | Reached XP level 13. HP: 58/58 MP: 21/21
 11865 | D:12     | Reached skill level 5 in Spellcasting
 11912 | D:12     | Learned a level 4 spell: Olgreb's Toxic Radiance
 11917 | D:12     | Learned a level 4 spell: Ignite Poison
 11922 | D:12     | Learned a level 4 spell: Cause Fear
 11951 | D:12     | Found a runed translucent door.
 11953 | D:12     | Noticed a sphinx
 12210 | D:13     | Found a runed translucent door.
 12217 | D:13     | Reached skill level 5 in Hexes
 12360 | D:13     | Noticed Gangsterbeez's ghost (journeyman MiBe)
 12680 | D:13     | Found a gate to the Vaults.
 12976 | D:13     | Identified the +2 leather armour of Music {*Corrode rPois
                  | rF+}
 13290 | D:13     | Killed Gangsterbeez's ghost
 13375 | D:14     | Noticed a yaktaur captain
 13375 | D:14     | Noticed an ettin
 13531 | D:14     | Killed a yaktaur captain
 13763 | D:14     | Identified the amulet "Buoticramo" {Acrobat rF+ Int+2
                  | Dex-3}
 13766 | D:14     | Identified the ring of Akud {Ice Str+2}
 14107 | D:14     | Killed an ettin
 14108 | D:14     | Reached XP level 14. HP: 28/63 MP: 15/24
 14195 | D:14     | Got Odax's Spellbook of Scorched Bruises
 14494 | D:14     | Learned a level 3 spell: Mephitic Cloud
 14582 | D:14     | Found a runed translucent gate.
 14582 | D:14     | Found a runed translucent gate.
 14582 | D:14     | Noticed Archoef's ghost (journeyman HOFi)
 14583 | D:14     | Found a runed translucent gate.
 14583 | D:14     | Noticed Caupytet's ghost (weakling FoFi)
 14583 | D:14     | Noticed Fenymij's ghost (adept KoBr)
 14583 | D:14     | Noticed Azoth's ghost (journeyman DsSh)
 14702 | D:15     | Entered Level 15 of the Dungeon
 14766 | D:15     | Found a bloodstained altar of Trog.
 15110 | D:15     | Reached skill level 5 in Conjurations
 15216 | D:15     | Reached skill level 1 in Alchemy
 15281 | D:15     | Reached ****** piety under Hepliaklqana
 15285 | D:15     | Found a staircase to the Depths.
 15929 | Lair:1   | Entered Level 1 of the Lair of Beasts
 17476 | Lair:2   | Found a hole to the Spider Nest.
 17575 | Lair:2   | Upgraded the game from 0.32-a0-43-g058985b245 to
                  | 0.32-a0-86-g8db1b9f803
 17754 | Lair:2   | Found a staircase to the Shoals.
 17988 | Lair:2   | Reached XP level 15. HP: 67/67 MP: 28/28
 18133 | Lair:3   | Noticed Sonja
 18150 | Lair:3   | Killed Sonja
 18297 | Lair:3   | Identified the ring "Ygea" {Fly Dex+3 Slay+4}
 18303 | Lair:3   | Identified the +2 long sword of Uskayaw's Generosity
                  | {drain, Fly rN+ Will+}
 18333 | Lair:3   | Learned a level 5 spell: Irradiate
 18564 | Lair:3   | Noticed Amaemon
 18571 | Lair:3   | Killed Amaemon
 18777 | Lair:3   | Found a runed translucent door.
 18781 | Lair:3   | Identified the +8 trident of the Walnut {heavy, *Corrode
                  | rN+++ Dex+3 Stlth+}
 18784 | Lair:3   | Noticed Iluushri's ghost (journeyman DjCK)
 19474 | Lair:4   | Found a blossoming altar of Fedhas.
 19541 | Lair:4   | Found a frozen archway.
 19543 | Lair:4   | Noticed Kirke
 19599 | IceCv    | Entered an ice cave
 19867 | IceCv    | Identified the +2 ice dragon scales "Pehoetru" {rF- rC++
                  | Regen+ Str+3}
 20039 | IceCv    | Found a viscous altar of Jiyva.
 20039 | IceCv    | Noticed an azure jelly
 20049 | IceCv    | Killed an azure jelly
 20141 | IceCv    | Got the ring "Conuumuo" {rF+ rC+}
 20147 | IceCv    | Got the ring "Uremn" {^Drain rC+ Int+6}
 20337 | Lair:4   | Noticed Josephine
 20351 | Lair:4   | Killed Josephine
 20726 | Lair:4   | Killed Kirke
 21455 | Lair:4   | Learned a level 5 spell: Fireball
 21519 | Lair:4   | Gained mutation: You sometimes lose your temper in combat.
                  | [mutagenic glow]
 22714 | Lair:5   | Entered Level 5 of the Lair of Beasts
 22766 | Lair:5   | Reached skill level 10 in Armour
 22805 | Lair:5   | Reached XP level 16. HP: 69/72 MP: 28/30
 23243 | Lair:5   | Found a staircase to the Slime Pits.
 23259 | Lair:5   | Reached skill level 10 in Spellcasting
 23267 | Lair:5   | Reached skill level 5 in Alchemy
 23783 | Lair:5   | Slain by a dire elephant

Illustrated notes

Levels and vault maps discovered:
D:1:      spicycebolla_arrival_xxxplode, layout_rooms,
          hellmonk_ecumenical_altar_run_dry, corexii_hall_statues_t
D:2:      layout_basic, basic_altar, kennysheep_big_empty_room,
          skrybe_limestone_x
D:3:      kennysheep_big_flooded_room, layout_basic,
          grunt_temple_overflow_holy_war
D:4:      minmay_spotlight, layout_loops_corners,
          minmay_temple_entry_antechambers, gup_sewer_entry_bubbles,
          serial_shops, nicolae_stop_n_shop_2, uniq_crazy_yiuf_cottage,
          uniq_blork_the_orc
D:5:      layout_basic
D:6:      layout_gridville
D:7:      layout_cave_pools, minitemple, nicolae_qazlal_eye_of_the_storm,
          grunt_ministairs_2, minmay_misc_feat_roman, kennysheep_generic_room_7
D:8:      layout_loops_ring, enter_bailey_3
D:9:      layout_loops_ring, erik_orc_2
D:10:     lemuel_castle_with_subvaults [lemuel_castle_interior_carwin_1],
          layout_irregular_city, hellmonk_lair_entry_icy, uniq_joseph
D:11:     minmay_goldmine, layout_loops_ring, uniq_psyche, uniq_erica, uniq_grum
D:12:     layout_small_grid, minmay_st_funbox
D:13:     layout_cave_pods, erik_vaults_1, hellmonk_ghost_happy_afterlife,
          minmay_misc_feat_chi
D:14:     minmay_strange_plus, layout_loops_ring, gammafunk_ghost_cemetery
D:15:     hangedman_depths_entry_civil_slaughter, layout_rooms,
          minmay_misc_feat_x, serial_corexii_hall, corexii_hall_statues_x,
          chequers_hall_statues_y, corexii_hall_statues_deadend,
          trog_butcher_becter
Temple:   hellmonk_temple_divided_pantheon
Lair:1:   layout_regular_city, lemuel_fruit_tree
Lair:2:   layout_long_grid, elwin_shoals_entry_stream, spider_nest_entry_a,
          infiniplex_staircase_pool_2
Lair:3:   layout_cave_shapes, ebering_ghost_funeral_grove, minmay_lindwurm_lava,
          uniq_amaemon, uniq_sonja
Lair:4:   layout_gridlike, portal_ice_cave_entry_ice_simulacra,
          hangedman_tree_tricks, st_stairs_5, uniq_kirke, uniq_josephine
Lair:5:   hangedman_lair_in_review, layout_loops_ring, wormcave,
          nicolae_slime_entry_slimehenge, chequers_serial_rivers_micro_a,
          hellmonk_guarded_unrand_vines

Skill      XL: |  1  2  3  4  5  6  7  8  9 10 11 12 13 14 15 16 |
---------------+-------------------------------------------------+-----
Short Blades   | 1 2 3 4 5 7 8 9 10 11 | 11.7
Stealth        | 4 5 6 7 8 9 10 | 10.6
Dodging        | 2 3 4 5 6 7 8 9 |  9.9
Fighting       | 1 2 3 4 5 6 7 8 |  8.2
Armour         | 2 5 7 8 9 10 11 | 11.1
Shields        | 1 3 5 7 8 9 |  9.6
Spellcasting   | 4 6 8 9 10 | 10.1
Conjurations   | 2 4 6 7 8 |  8.2
Hexes          | 4 6 7 8 |  8.7
Alchemy        | 3 4 5 |  5.1

Action                     |  1- 3 |  4- 6 |  7- 9 | 10-12 | 13-15 | 16-18 || total
---------------------------+-------+-------+-------+-------+-------+-------++-------
  Melee: Dagger            |   102 |   285 |   367 |   755 |   891 |   223 ||  2623
         Bite              |    24 |    77 |   119 |   280 |   415 |   117 ||  1032
         Punch             |     2 |     2 |     6 |     1 |       |       ||    11
         Scimitar          |       |       |       |       |    93 |       ||    93
         Unarmed           |       |       |       |       |     6 |       ||     6
   Fire: Sling             |       |       |       |       |     3 |       ||     3
   Cast: Confusing Touch   |     1 |       |       |       |     2 |       ||     3
         Tukima's Dance    |       |     1 |     1 |       |       |       ||     2
         Olgreb's Toxic Ra |       |       |       |       |    24 |     6 ||    30
         Ignite Poison     |       |       |       |       |    15 |       ||    15
         Mephitic Cloud    |       |       |       |       |     2 |       ||     2
         Irradiate         |       |       |       |       |     3 |       ||     3
 Invoke: Ancestor Life: Ba |       |       |     1 |       |       |       ||     1
         Ancestor Identity |       |       |     1 |       |       |       ||     1
    Use: Scroll            |       |     8 |     5 |     8 |    12 |     2 ||    35
         Potion            |       |       |       |       |     6 |       ||     6
   Stab: Sleeping          |     7 |     6 |     6 |     7 |    13 |       ||    39
         Confused          |     1 |       |       |       |       |       ||     1
         Distracted        |       |       |     1 |    11 |    19 |       ||    31
         Invisible         |       |       |       |       |     1 |       ||     1
         Petrified         |       |       |       |       |     1 |       ||     1
 Armour: Robe              |    45 |   115 |    55 |       |       |       ||   215
         Leather armour    |       |       |    88 |   184 |    83 |       ||   355
         Troll leather arm |       |       |       |       |   282 |       ||   282
         Ice dragon scales |       |       |       |       |   117 |   118 ||   235
         Steam dragon scal |       |       |       |       |    18 |       ||    18
         Skin              |       |       |       |       |     2 |       ||     2
  Dodge: Dodged            |    62 |   170 |   215 |   538 |   472 |   109 ||  1566
  Block: Buckler           |       |       |       |   199 |   219 |       ||   418
         Kite shield       |       |       |       |       |   106 |   160 ||   266

Table legend: (Time is in decaauts)
 A = Elapsed time spent in this place.
 B = Non-inter-level travel time spent in this place.
 C = Inter-level travel time spent in this place.
 D = Time resting spent in this place.
 E = Time spent auto-exploring this place.
 F = Levels seen in this place.
 G = Mean time per level.
                   A        B        C        D        E       F      G
               +--------+--------+--------+--------+--------+-----+--------+
         Total |  23078 |  21570 |   1508 |   2668 |  12115 |  24 |  961.6 |
       Dungeon |  14921 |  13740 |   1181 |    767 |   8499 |  15 |  994.7 |
        Temple |    102 |     97 |      5 |      0 |      0 |   1 |  102.0 |
          Lair |   6820 |   6498 |    322 |   1738 |   3249 |   5 | 1364.0 |
         Sewer |    291 |    291 |      0 |     24 |    108 |   1 |  291.0 |
        Bailey |    304 |    304 |      0 |      0 |    107 |   1 |  304.0 |
      Ice Cave |    636 |    636 |      0 |    139 |    151 |   1 |  636.0 |
               +--------+--------+--------+--------+--------+-----+--------+

Top non-repeatable levels by time:
  Lair:4: 2549 daAuts
     D:4: 1612 daAuts
    D:10: 1597 daAuts
     D:5: 1351 daAuts
    D:13: 1181 daAuts
  Lair:2: 1174 daAuts
    D:14: 1172 daAuts
    D:11: 1123 daAuts
  Lair:5: 1098 daAuts
  Lair:3: 1001 daAuts
  Lair:1: 997 daAuts
     D:9: 909 daAuts
     D:8: 883 daAuts
     D:6: 814 daAuts
     D:7: 809 daAuts
